Map: Acropolis LE

Players

Snute - Winner!

  • Race: Zerg Zerg
  • Spawn Location: 5:00

Awers

  • Race: Terran Terran
  • Spawn Location: 11:00

Event: 2019 WCS Summer

VOD

Have the link to the VOD?

Description

Time

  • Played on: July 12, 2019, 6:24 a.m.
  • Length: 22:39

All games in this series

Show
View Real Time Build Order
Export as new Build Order

Snute Zerg - Winner!

Build Orders: Hatch First 

Get SALT Encoding   

  12  0:00  Drone  
  13  0:12  Overlord  
  13  0:17  Drone  
  14  0:30  Drone x2  
  14  0:34  Drone  
  17  0:51  Hatchery  
  17  0:54  Drone  
  17  0:57  Drone  
  18  1:05  Extractor  
  17  1:12  Spawning Pool  
  17  1:15  Drone  
  17  1:18  Drone  
  18  1:28  Drone  
  19  1:38  Overlord  
  19  1:49  Drone  
  20  1:58  Queen  
  20  2:00  Zergling x2  
  23  2:02  Queen  
  23  2:04  Zergling x2  
  23  2:06  Metabolic Boost  
  26  2:10  Zergling x2  
  26  2:14  Drone  
  28  2:21  Drone  
  29  2:24  Drone  
  30  2:36  Overlord  
  30  2:37  Drone, Queen  
  30  2:43  Drone  
  34  2:48  Drone  
  35  2:53  Drone  
  35  2:56  Drone  
  37  3:04  Overlord  
  37  3:09  Drone  
  37  3:10  Drone x4  
  37  3:11  Drone x2  
  44  3:27  Hatchery  
  43  3:28  Drone x2  
  43  3:33  Queen  
  43  3:34  Queen  
  47  3:39  Overlord  
  47  3:40  Drone x2  
  51  3:44  Overlord  
  51  3:45  Drone  
  51  3:48  Drone, Extractor  
  52  3:51  Overlord  
  52  3:58  Drone x3  
  52  3:59  Drone  
  52  4:00  Overlord  
  56  4:07  Drone  
  56  4:09  Queen  
  59  4:12  Drone  
  59  4:14  Lair  
  60  4:21  Zergling x6  
  64  4:24  Drone  
  64  4:27  Baneling Nest  
  64  4:28  Drone  
  64  4:35  Drone x2  
  66  4:38  Queen  
  66  4:41  Drone  
  66  4:45  Drone x3, Queen  
  74  4:49  Overlord  
  74  4:50  Zergling x6  
  77  4:56  Drone  
  77  4:58  Extractor  
  77  4:59  Spore Crawler  
  76  5:01  Spore Crawler  
  76  5:02  Zergling x4, Spore Crawler  
  76  5:13  Drone x3  
  79  5:15  Drone  
  79  5:19  Centrifical Hooks, Drone x5  
  85  5:27  Drone x2  
  87  5:30  Drone  
  87  5:33  Hatchery  
  87  5:35  Spore Crawler  
  86  5:38  Zergling x8  
  86  5:47  Zergling x8  
  86  5:49  Baneling x4  
  90  5:54  Overlord  
  90  5:56  Overlord  
  90  6:02  Drone, Evolution Chamber x2  
  90  6:03  Drone  
  90  6:05  Extractor  
  90  6:06  Extractor  
  90  6:07  Extractor  
  90  6:08  Infestation Pit  
  90  6:10  Drone x4, Roach Warren  
  90  6:11  Drone  
  90  6:12  Hydralisk Den, Drone x2  
  90  6:17  Drone x4  
  95  6:24  Drone x2  
  97  6:31  Drone  
  98  6:34  Drone x5  
  98  6:38  Overlord  
  98  6:39  Zerg Ground Armor Level 1  
  103  6:42  Grooved Spines  
  103  6:45  Zerg Missile Weapons Level 1  
  102  6:47  Drone x3  
  102  6:48  Drone x3  
  102  6:52  Queen x2  
  111  6:55  Drone  
  111  6:56  Overlord  
  111  6:57  Extractor  
  111  7:00  Extractor, Spore Crawler  
  109  7:03  Glial Reconstitution  
  109  7:04  Infestor, Neural Parasite  
  111  7:11  Drone x5  
  111  7:12  Infestor  
  118  7:17  Infestor  
  120  7:28  Infestor, Overlord  
  122  7:34  Burrow  
  122  7:37  Drone  
  122  7:38  Drone x3, Overlord x2  
  122  7:39  Overlord  
  126  7:46  Roach x5  
  134  7:53  Overlord x4  
  134  7:59  Roach x7  
  146  8:11  Hydralisk x6  
  139  8:20  Zergling x18  
  139  8:21  Zergling x2  
  139  8:24  Ravager  
  139  8:25  Ravager x3  
  141  8:29  Roach x3  
  141  8:34  Roach x3  
  143  8:47  Roach x7  
  136  8:57  Roach  
  136  8:58  Roach x5  
  141  9:05  Roach x5  
  148  9:12  Drone x4  
  152  9:22  Zerg Missile Weapons Level 2, Zerg Melee Weapons Level 1  
  149  9:25  Muscular Augments, Hive  
  149  9:28  Drone x2  
  149  9:30  Infestor  
  153  9:35  Zergling x2  
  153  9:36  Zergling x2  
  155  9:42  Ravager x4, Overlord  
  155  9:43  Overlord  
  155  9:44  Drone x3  
  155  9:45  Drone  
  163  9:50  Hydralisk x2, Drone x6  
  167  9:54  Infestor  
  167  9:57  Drone x4  
  169  10:02  Drone x2  
  169  10:09  Spine Crawler  
  169  10:12  Spine Crawler  
  166  10:14  Hydralisk x4  
  174  10:22  Drone x4  
  178  10:28  Spire  
  177  10:37  Ravager x3  
  177  10:42  Roach x8  
  194  11:03  Ravager x4  
  189  11:04  Ravager  
  189  11:05  Spine Crawler  
  189  11:06  Spine Crawler  
  189  11:07  Spine Crawler x2  
  189  11:08  Spine Crawler  
  189  11:09  Spine Crawler  
  174  11:12  Hatchery  
  174  11:17  Roach x4  
  166  11:24  Roach x4  
  138  11:34  Roach x5  
  110  11:58  Drone x10  
  110  11:59  Drone  
  121  12:14  Extractor  
  121  12:15  Extractor  
  119  12:16  Drone x3  
  119  12:18  Drone  
  119  12:20  Drone x2, Extractor  
  119  12:22  Hatchery  
  123  12:23  Ravager  
  123  12:27  Zerg Melee Weapons Level 2  
  124  12:34  Drone x4  
  128  12:38  Drone x4  
  131  12:51  Drone x7  
  137  13:00  Greater Spire  
  137  13:01  Infestor x3  
  137  13:05  Viper x2  
  149  13:07  Ravager x2  
  149  13:08  Roach  
  149  13:12  Roach x2  
  157  13:18  Roach x4  
  163  13:20  Ravager x3  
  163  13:21  Ravager x2  
  163  13:25  Roach x2  
  172  13:38  Extractor  
  172  13:40  Extractor  
  153  13:50  Roach x6  
  153  13:54  Drone x8  
  159  14:02  Hydralisk x3  
  159  14:09  Roach x2  
  165  14:13  Infestor x5  
  166  14:17  Queen x4  
  174  14:25  Drone x3  
  174  14:26  Drone x2  
  174  14:27  Roach  
  174  14:29  Ravager  
  174  14:30  Ravager  
  168  14:49  Roach x13  
  168  14:52  Ravager x4  
  188  15:00  Roach x2  
  188  15:06  Roach x3  
  198  15:13  Hatchery  
  197  15:16  Ravager x3  
  200  15:26  Hatchery  
  194  15:37  Spore Crawler  
  194  15:38  Spore Crawler  
  194  15:39  Ravager x3  
  182  15:48  Roach x8  
  164  15:58  Hydralisk x9  
  164  16:02  Hydralisk x2  
  186  16:10  Hydralisk x3  
  192  16:16  Ravager x7  
  199  16:23  Zerg Missile Weapons Level 3  
  199  16:42  Zerg Flyer Weapons Level 1  
  193  16:54  Spine Crawler  
  193  16:56  Spine Crawler  
  193  16:57  Spine Crawler  
  193  16:58  Drone x3, Spine Crawler  
  193  16:59  Drone x9  
  200  17:19  Spine Crawler  
  200  17:20  Spine Crawler  
  177  17:38  Hydralisk x3  
  177  17:39  Hydralisk x4  
  181  17:45  Roach x7  
  192  17:52  Zerg Ground Armor Level 2  
  183  18:05  Infestor x2  
  180  18:08  Viper x3  
  180  18:10  Roach x5  
  199  18:15  Spine Crawler, Spore Crawler x2  
  199  18:17  Drone x5, Spine Crawler x2  
  199  18:34  Extractor  
  198  18:36  Extractor  
  198  18:39  Spine Crawler, Roach x2  
  198  18:41  Spore Crawler x2  
  186  18:55  Drone x7  
  190  18:56  Drone x2  
  190  18:58  Spore Crawler  
  190  19:00  Zerg Melee Weapons Level 3  
  192  19:04  Drone  
  192  19:09  Drone x4  
  191  19:10  Drone x2, Roach x4  
  191  19:13  Spine Crawler  
  191  19:15  Spine Crawler  
  188  19:26  Ravager x8  
  188  19:28  Zerg Flyer Weapons Level 2  
  188  19:31  Drone x4  
  200  19:53  Spine Crawler x2  
  200  19:54  Spine Crawler  
  176  20:08  Infestor x2  
  176  20:09  Infestor x2  
  184  20:19  Drone x11  
  184  20:20  Drone x5  
  187  20:41  Roach x9  
  149  20:51  Hydralisk x9  
  149  20:54  Roach x8  
  149  20:56  Viper x3  
  192  20:59  Roach  
  194  21:04  Extractor  
  194  21:05  Extractor, Ravager x2  
  194  21:06  Ravager  
  192  21:12  Ravager x3  
  195  21:23  Ravager x2  
  195  21:24  Ravager  
  198  21:35  Ravager x2  
  200  21:41  Hatchery  
  197  21:48  Spore Crawler  
  197  21:50  Spore Crawler  
Show
View Real Time Build Order
Export as new Build Order

Awers Terran 

Build Orders: Hellion Opening, Reaper Expand, Mech 

Get SALT Encoding   

  12  0:00  SCV  
  13  0:13  SCV  
  14  0:17  Supply Depot  
  14  0:25  SCV  
  15  0:39  SCV  
  15  0:40  Barracks  
  16  0:43  Refinery  
  16  0:51  SCV  
  17  1:03  SCV  
  18  1:15  SCV  
  19  1:27  Orbital Command, Reaper  
  20  1:39  Command Center  
  20  1:46  Supply Depot  
  20  1:54  SCV  
  21  1:59  Marine  
  22  2:06  SCV  
  23  2:10  Factory  
  23  2:18  Refinery, SCV  
  23  2:20  Barracks Reactor  
  24  2:30  SCV  
  25  2:42  SCV  
  26  2:51  Orbital Command  
  26  2:54  SCV  
  26  2:55  Starport  
  27  3:02  Hellion x2  
  31  3:06  SCV  
  32  3:17  SCV  
  32  3:18  SCV  
  34  3:23  Hellion x2  
  38  3:29  SCV  
  38  3:30  SCV  
  38  3:33  Supply Depot  
  40  3:34  Fusion Core  
  40  3:42  SCV  
  40  3:43  SCV  
  40  3:44  Starport Tech Lab  
  40  3:46  Hellion x2  
  46  3:55  SCV x2  
  48  3:57  Supply Depot  
  48  4:07  SCV x2  
  50  4:15  Command Center  
  50  4:19  SCV  
  50  4:20  SCV  
  50  4:22  Supply Depot  
  52  4:25  Battlecruiser  
  52  4:31  Refinery, SCV  
  59  4:34  Refinery, SCV  
  60  4:43  SCV  
  61  4:46  SCV  
  62  4:55  SCV  
  62  4:58  SCV  
  64  5:00  Armory x2  
  64  5:01  Hellion  
  64  5:02  Hellion  
  64  5:06  Supply Depot  
  68  5:07  SCV  
  68  5:11  SCV  
  70  5:17  Factory  
  70  5:22  Barracks Tech Lab, Factory  
  70  5:26  SCV  
  70  5:27  Orbital Command, SCV  
  72  5:37  Starport Reactor  
  72  5:39  SCV x2  
  78  5:43  Hellion x2  
  78  5:50  Terran Vehicle And Ship Armor Level 1, Terran Vehicle Weapons Level 1  
  78  5:51  SCV x2  
  78  5:52  Orbital Command  
  80  6:03  SCV x2  
  82  6:12  Supply Depot  
  82  6:13  Supply Depot  
  82  6:14  Thor  
  82  6:15  SCV  
  89  6:20  SCV  
  89  6:23  SCV  
  91  6:26  Refinery  
  91  6:27  Refinery, SCV  
  92  6:33  Thor, Medivac  
  92  6:34  SCV  
  92  6:36  SCV, Supply Depot x2  
  92  6:39  SCV  
  103  6:44  Engineering Bay  
  103  6:46  SCV  
  104  6:48  SCV  
  104  6:50  Factory  
  104  6:52  SCV, Factory  
  106  6:55  Medivac  
  106  6:58  SCV  
  109  7:03  SCV  
  109  7:05  Siege Tank  
  113  7:08  Medivac  
  113  7:13  Hellion x2, Supply Depot  
  113  7:15  Supply Depot  
  119  7:16  SCV  
  119  7:20  Supply Depot  
  120  7:25  Supply Depot x2  
  120  7:27  Supply Depot  
  120  7:28  Siege Tank  
  123  7:35  Factory Reactor, Supply Depot  
  123  7:42  Factory Tech Lab  
  123  7:43  SCV  
  123  7:44  Siege Tank, Hellion x2  
  130  7:47  Terran Vehicle Weapons Level 2  
  130  8:02  Thor  
  130  8:04  Infernal Pre-Igniter  
  130  8:05  Siege Tank, Hellion  
  135  8:15  Hellion  
  135  8:16  Siege Tank  
  129  8:20  Hellion  
  129  8:23  Hellion x2  
  129  8:26  Siege Tank  
  132  8:36  Hellion  
  132  8:37  Siege Tank  
  132  8:40  Command Center  
  132  8:41  Orbital Command  
  121  8:51  SCV  
  121  8:54  Siege Tank, Hellion  
  121  8:55  Hellion x2  
  116  8:58  Siege Tank  
  116  9:00  SCV  
  110  9:03  SCV  
  110  9:09  SCV  
  112  9:13  Refinery, SCV  
  112  9:14  Refinery  
  112  9:16  SCV  
  114  9:19  Thor, Hellion  
  114  9:20  Hellion x3  
  114  9:21  SCV  
  127  9:25  SCV  
  127  9:28  SCV  
  127  9:29  Liberator  
  129  9:33  SCV  
  129  9:34  Terran Vehicle And Ship Armor Level 2  
  129  9:36  Hellion x2  
  129  9:37  SCV  
  135  9:40  SCV  
  135  9:45  SCV  
  137  9:49  Viking, SCV  
  137  9:51  Hellion x3  
  137  9:52  SCV  
  150  10:03  Thor  
  150  10:06  SCV  
  147  10:10  Siege Tank, Hellion x2  
  147  10:12  Hellion  
  155  10:16  Hellion x2  
  155  10:19  Viking  
  161  10:23  SCV  
  161  10:25  SCV  
  163  10:33  Supply Depot  
  163  10:34  Supply Depot  
  163  10:35  Refinery, Supply Depot, Planetary Fortress  
  163  10:37  Refinery  
  163  10:39  Siege Tank, Hellion x3  
  172  10:55  Siege Tank, Hellion x2  
  175  11:00  Hellion  
  175  11:01  Hellion x2  
  172  11:12  Orbital Command  
  156  11:34  Thor  
  156  11:36  Hellion  
  156  11:37  Siege Tank, Hellion x3  
  148  11:40  SCV  
  127  11:54  Refinery  
  127  11:58  Siege Tank  
  127  11:59  Terran Vehicle And Ship Armor Level 3  
  127  12:07  Hellion x3  
  133  12:13  Orbital Command  
  133  12:22  Viking x2  
  137  12:28  Siege Tank  
  140  12:35  SCV  
  139  12:38  Refinery  
  137  12:47  SCV  
  132  12:51  Siege Tank, Hellion  
  132  12:57  SCV  
  136  12:59  SCV  
  136  13:05  Siege Tank x2, Hellion x2  
  147  13:09  SCV  
  146  13:20  Refinery, Hellion  
  146  13:21  Refinery, Hellion  
  146  13:23  Siege Tank  
  153  13:32  Hellion  
  143  13:37  Siege Tank x2  
  143  13:41  Hellion  
  134  13:45  Hellion x2  
  134  13:47  Command Center  
  124  13:55  Siege Tank  
  124  13:58  Engineering Bay  
  127  14:04  Hellion  
  127  14:07  Liberator  
  127  14:08  Liberator  
  127  14:09  Siege Tank  
  129  14:15  Siege Tank, Hellion x2  
  122  14:17  Hellion  
  120  14:25  Hellion  
  120  14:28  Siege Tank  
  129  14:36  Hellion x2  
  135  14:38  Hellion  
  135  14:40  Sensor Tower  
  135  14:41  Siege Tank  
  133  14:47  Siege Tank, Hellion  
  129  14:58  Hellion  
  131  15:06  Missile Turret  
  131  15:07  Viking  
  131  15:08  Viking  
  135  15:14  Thor  
  135  15:15  Refinery x2  
  135  15:20  Thor  
  147  15:21  Missile Turret  
  147  15:25  Missile Turret  
  132  15:36  Siege Tank, Hellion x2, Planetary Fortress  
  117  15:50  Hellion x2  
  117  15:56  Viking x2  
  119  15:57  Hellion  
  119  16:00  SCV x2  
  123  16:06  Thor  
  129  16:12  Missile Turret  
  129  16:14  SCV  
  130  16:20  Missile Turret  
  130  16:22  Liberator x2  
  130  16:23  Thor  
  136  16:35  Missile Turret  
  142  16:43  Supply Depot x2  
  140  16:53  Siege Tank x2  
  146  16:54  Hellion x2  
  150  17:04  Sensor Tower  
  150  17:05  Liberator x2  
  150  17:06  Missile Turret  
  142  17:12  Terran Ship Weapons Level 1  
  142  17:18  Thor  
  140  17:32  Siege Tank, Hellion  
  138  17:37  Siege Tank, Hellion x2  
  126  17:45  SCV  
  127  17:52  Hellion  
  127  17:54  Hellion  
  124  18:04  Hellion  
  125  18:07  SCV  
  125  18:12  Siege Tank  
  129  18:20  Siege Tank  
  129  18:22  SCV x2  
  129  18:25  Refinery  
  134  18:34  SCV  
  135  18:41  Siege Tank  
  135  18:42  Hellion x2  
  142  18:53  Liberator x2  
  140  18:56  Thor  
  140  18:57  Thor  
  152  19:06  Engineering Bay  
  155  19:22  Thor  
  155  19:24  Hellion x2  
  154  19:32  Hellion x2  
  154  19:36  Missile Turret  
  158  19:39  Sensor Tower  
  158  19:41  Hellion x2  
  158  19:44  Missile Turret  
  162  19:54  Liberator x2  
  152  20:00  Hellion  
  152  20:02  Siege Tank  
  152  20:06  Siege Tank, Hellion x2  
  150  20:37  Siege Tank, Hellion x2  
  150  20:41  Liberator x2  
  150  20:42  Siege Tank, Hellion x2  
  156  20:44  Hellion  
  143  20:58  Hellion  
  143  20:59  Hellion  
  153  21:19  Command Center  
  153  21:31  Siege Tank x2  
  155  21:44  Siege Tank, Hellion x2  
  144  21:57  Viking x2  
  137  22:17  Hellion x2  
Tags
 
Add a new tag
Caveats
  • Supply blocks, unpowered buildings, or Contaminate may cause inaccurate times.
  • Supply counts are checked every 10 seconds.